 Seeded DCSS version 0.28.0-43-g3370ac3207 (webtiles) character file.

Game seed: 7121082916606783627 (custom seed)

18 gzilladon the Chopper (level 2, 0/27 HPs)
             Began as a Hill Orc Monk on Mar 30, 2022.
             Slain by a worm (2 damage)
             ... on level 2 of the Dungeon.
             The game lasted 00:02:03 (623 turns).

gzilladon the Chopper (Hill Orc Monk)                Turns: 623, Time: 00:02:05

Health: 0/27       AC:  5    Str: 13    XL:     2   Next: 70%
Magic:  2/2        EV: 11    Int: 10    God:
Gold:   68         SH:  0    Dex: 13    Spells: 1/1 levels left

rFire   . . .      SeeInvis .   a - +0 hand axe
rCold   . . .      Faith    .   (no shield)
rNeg    . . .      Spirit   .   e - +0 ring mail
rPois   .          Reflect  .   (no helmet)
rElec   .          Harm     .   (no cloak)
rCorr   .          Rampage  .   (no gloves)
Will    .....                   (no boots)
Stlth   +.........              (no amulet)
HPRegen 0.09/turn               (no ring)
MPRegen 0.08/turn               (no ring)

@: no status effects
A: no striking features
a: no special abilities


You were on level 2 of the Dungeon.
You visited 1 branch of the dungeon, and saw 2 of its levels.

You collected 68 gold pieces.

Inventory:

Hand Weapons
 a - a +0 hand axe (weapon)
Missiles
 g - 5 poisoned darts (quivered)
Armour
 b - a +0 robe
 c - a +0 leather armour
 e - a +0 ring mail (worn)
Scrolls
 d - a scroll of immolation {unknown}
 f - a scroll of teleportation {unknown}
 h - a scroll of torment {unknown}
 i - 2 scrolls of identify {unknown}
Potions
 j - a potion of attraction {unknown}


   Skills:
 + Level 4.0 Fighting
 * Level 4.7 Axes
 + Level 0.4 Armour
 - Level 2.4 Dodging
 - Level 1.5 Stealth


You had one spell level left.
You didn't know any spells.
Your spell library was empty.

Dungeon Overview and Level Annotations

Branches:
Dungeon (2/15)

Altars:

Shops:
D:1 *


Message History

You barely miss the worm.
The worm is lightly wounded.
You closely miss the kobold. The kobold closely misses you.
You barely miss the worm.
The worm is lightly wounded.
You hit the kobold. The worm bites you. The kobold completely misses you.
You hit the worm.
The worm is lightly wounded.
You barely miss the kobold. The kobold barely misses you. The worm bites you!
You hit the worm.
The worm is moderately wounded.
You hit the kobold. You hit the endoplasm but do no damage.
The kobold barely misses you.
The endoplasm hits you but does no damage.
A worm comes into view.
You barely miss the worm.
The worm is moderately wounded.
You hit the endoplasm. You barely miss the kobold.
The kobold barely misses you. The worm barely misses you.
The endoplasm freezes you.
You are frozen.
You hit the worm but do no damage.
The worm is moderately wounded.
You hit the endoplasm but do no damage. You barely miss the kobold.
The kobold hits you with a +0 dagger.
A ball python comes into view.
The endoplasm hits you. The worm bites you.
* * * LOW HITPOINT WARNING * * *
You hit the worm.
The worm is heavily wounded.
You hit the endoplasm. You hit the kobold but do no damage.
The kobold barely misses you.
The endoplasm hits you but does no damage.
You hit the worm.
The worm is severely wounded.
You hit the endoplasm but do no damage. You miss the kobold.
The kobold hits you with a +0 dagger.
* * * LOW HITPOINT WARNING * * *
The worm bites you.
You die...

#....... #.......
##.....##
#.......#
#.......######
#.......$....#
#......J....###
#...<.@†......
........K.w....>.
.#...#...........
....w............
.....#...........
##....S........##
#..<.....###..#
.....##... ...


You could see 2 worms, an endoplasm, a ball python and a kobold.

Vanquished Creatures
  A ball python (D:2)
  An endoplasm (D:1)
  A giant cockroach (D:1)
  2 goblins (D:1)
  2 hobgoblins (D:1)
  4 quokkas (D:1)
  2 bats (D:1)
  A kobold (D:1)
  A rat (D:1)
15 creatures vanquished.

Notes
Turn   | Place    | Note
-------+----------+-------------------------------------------
     0 | D:1      | gzilladon the Hill Orc Monk began the quest for the Orb.
     0 | D:1      | Reached XP level 1. HP: 19/19 MP: 1/1
   271 | D:1      | Found Rirorouf's Assorted Antiques.
   274 | D:1      | Reached XP level 2. HP: 27/27 MP: 2/2
   623 | D:2      | Slain by a worm

Illustrated notes

Levels and vault maps discovered:
D:1:      minmay_arrival_plants_in_alcoves, layout_rooms, serial_shops, shop,
          chequers_serial_rivers_large_b
D:2:      layout_rooms, hellmonk_ecumenical_altar_leap_of_faith,
          minmay_door_square, nicolae_concentric_dashed_squares_mild

Skill      XL: |  1  2 |
---------------+-------+-----
Fighting       | 4 |  4.0
Axes           | |  4.7
Armour         | |  0.4
Dodging        | |  2.4
Stealth        | |  1.5

Action                   || total
-------------------------++-------
Melee: Hand axe          ||    60
Armor: Ring mail         ||    28
       Leather armour    ||     1
Dodge: Dodged            ||    48
